 Dungeon Crawl Stone Soup version 0.29.1-12-g30fa7ad0bf (webtiles) character file.

Game seed: 6008168787738357365

765 warriortoast the Sneak (level 7, -4/37 HPs)
             Began as a Spriggan Hunter on Dec 12, 2022.
             Was an Initiate of Fedhas.
             Killed from afar by a white imp (12 damage)
             ... with a puff of frost
             ... on level 5 of the Dungeon.
             The game lasted 00:09:05 (4187 turns).

warriortoast the Sneak (Spriggan Hunter)            Turns: 4187, Time: 00:09:09

Health: -4/37      AC:  2    Str:  7    XL:     7   Next: 51%
Magic:  8/8        EV: 21    Int: 10    God:    Fedhas [......]
Gold:   279        SH:  0    Dex: 21    Spells: 6/6 levels left

rFire   . . .      SeeInvis +   a - +0 shortbow
rCold   . . .      Faith    .   (shield currently unavailable)
rNeg    . . .      Spirit   .   c - +0 robe
rPois   .          Reflect  .   (helmet restricted)
rElec   .          Harm     .   (no cloak)
rCorr   .          Rampage  .   (gloves unavailable)
Will    +....                   (boots unavailable)
Stlth   ++++......              o - amulet of regeneration
HPRegen 0.92/turn               (no ring)
MPRegen 0.11/turn               (no ring)

@: very quick
A: very small, no large weapons, unfitting armour, see invisible, speed 3
a: Renounce Religion


You were on level 5 of the Dungeon.
You worshipped Fedhas.
Fedhas was noncommittal.
You visited 2 branches of the dungeon, and saw 6 of its levels.

You collected 279 gold pieces.

Inventory:

Hand Weapons
 a - a +0 shortbow (weapon)
Missiles
 r - a throwing net
Armour
 c - a +0 robe (worn)
Jewellery
 o - an amulet of regeneration (around neck)
Wands
 k - a wand of flame (10)
 p - a wand of mindburst (18)
Scrolls
 b - a scroll of immolation
 d - a scroll of acquirement {unknown}
 h - 3 scrolls of teleportation {unknown}
 j - 2 scrolls of fog {unknown}
 n - 5 scrolls of identify {unknown}
Potions
 e - a potion of haste {unknown}
 f - a potion of ambrosia {unknown}
 g - 7 potions of curing {unknown}
 i - a potion of magic {unknown}
 l - 2 potions of might {unknown}
 m - a potion of mutation {unknown}
 q - a potion of flight {unknown}
 s - a potion of heal wounds {unknown}


   Skills:
 + Level 3.7 Fighting
 + Level 5.8 Ranged Weapons
 + Level 6.1 Dodging
 + Level 6.5 Stealth


You had 6 spell levels left.
You didn't know any spells.
Your spell library contained the following spells:

 Spells                   Type           Power      Damage    Failure   Level
 Stone Arrow              Conj/Erth      0%         3d7       75%         3
 Animate Armour           Summ/Erth      0%         N/A       98%         4
 Lehudib's Crystal Spear  Conj/Erth      0%         10d2      100%        8


Dungeon Overview and Level Annotations

Branches:
Dungeon (5/15)             Temple (1/1) D:5

Altars:
Ashenzari
Cheibriados
Dithmenos
Elyvilon
Fedhas
Gozag
Hepliaklqana
Kikubaaqudgha
Makhleb
Nemelex Xobeh
Okawaru
Qazlal
Ru
Trog
Uskayaw
Vehumet
Wu Jian
Xom
Yredelemnul
Zin
The Shining One


Innate Abilities, Weirdness & Mutations

You are very small and have problems with some larger weapons.
You are too small for most types of armour.
You have supernaturally acute eyesight. (SInv)
You cover ground extremely quickly. (Speed+++)


Message History

You shoot an arrow. The arrow barely misses the white imp.
You shoot an arrow. The arrow hits the white imp.
The white imp is moderately wounded.
You shoot an arrow. The arrow closely misses the white imp.
You shoot an arrow. The arrow barely misses the white imp.
You shoot an arrow.
The arrow hits the white imp but does no damage.
The white imp is moderately wounded.
The white imp lashes its tail.
The white imp gestures at you. The puff of frost hits you!
You shoot an arrow. The arrow closely misses the white imp.
The white imp gestures at you. The puff of frost hits you!
You shoot an arrow. The arrow barely misses the white imp.
The white imp gestures at you. The puff of frost hits you!
You are too injured to fight recklessly!
You are too injured to fight recklessly!
You are too injured to fight recklessly!
You are too injured to fight recklessly!
You are too injured to fight recklessly!
Fire: a) +0 shortbow
Press: ? - help, Q - select action, (/) - cycle Shift-Dir - straight line, f/p - white imp
Aim: a white imp (moderately wounded, 65% to hit)
You shoot an arrow. The arrow hits the white imp.
The white imp is severely wounded.
The white imp closely misses you.
Fire: a) +0 shortbow
Press: ? - help, Q - select action, (/) - cycle Shift-Dir - straight line, f/p - white imp
Aim: a white imp (severely wounded, 65% to hit)
You shoot an arrow. The arrow barely misses the white imp.
The white imp puffs mist at you. The white imp gestures at you.
The puff of frost hits you!
* * * LOW HITPOINT WARNING * * *
The white imp gestures at you. The puff of frost hits you!
You die...
Fedhas appreciates your contribution to the ecosystem.

.. #..#..##..#
... ##.#......#
)...###.##)###.#
.........#.# #.#
.........#.# #.#
...........# #.#
....##.....# #..
....
#.....########
########
#.....@5......
....#
#........####.
###.# #......#[#
#...#
#.........#
#.###
#####....># #.#
....... #.#
######## #.# #.#


You could see a white imp.

Vanquished Creatures
  An ice beast (D:5)
  A scorpion (D:5)
  A howler monkey (D:5)
  A jelly (D:5)
  3 orc priests
  2 hounds (D:5)
  A gnoll bouda (D:5)
  Jessica (D:2)
  An iguana (D:4)
  Natasha (thrice) (D:2)
  An orc wizard (D:3)
  4 gnolls (D:5)
  8 adders
  3 dart slugs
  A worm (D:4)
  16 orcs
  12 endoplasms
  3 giant cockroaches
  5 goblins
  3 hobgoblins
  6 kobolds
  4 quokkas
  8 ball pythons
  6 bats
  3 frilled lizards
  2 rats
100 creatures vanquished.

Vanquished Creatures (others)
  A plant (D:2)
1 creature vanquished.

Grand Total: 101 creatures vanquished

Notes
Turn   | Place    | Note
-------+----------+-------------------------------------------
     0 | D:1      | warriortoast the Spriggan Hunter began the quest for the
                  | Orb.
     0 | D:1      | Reached XP level 1. HP: 10/10 MP: 2/2
    88 | D:1      | Found a faded altar of an unknown god.
   259 | D:1      | Reached XP level 2. HP: 15/15 MP: 3/3
   964 | D:2      | Reached XP level 3. HP: 18/18 MP: 4/4
  1040 | D:2      | Noticed Jessica
  1044 | D:2      | Killed Jessica
  1261 | D:2      | Reached XP level 4. HP: 14/23 MP: 5/5
  1708 | D:2      | Noticed Natasha
  1714 | D:2      | Killed Natasha
  1733 | D:2      | Noticed Natasha
  1738 | D:2      | Killed Natasha
  1739 | D:2      | Reached XP level 5. HP: 17/27 MP: 6/6
  1901 | D:2      | Noticed Natasha
  1905 | D:2      | Killed Natasha
  2369 | D:3      | Found a white marble altar of Elyvilon.
  2764 | D:3      | Reached skill level 5 in Ranged Weapons
  2764 | D:3      | Found a bloodstained altar of Trog.
  2764 | D:3      | Found a glowing silver altar of Zin.
  2774 | D:3      | Found a snail-covered altar of Cheibriados.
  2774 | D:3      | Found a sacrificial altar of Ru.
  3044 | D:4      | Reached XP level 6. HP: 32/32 MP: 7/7
  3188 | D:4      | Found a shimmering altar of Xom.
  3189 | D:4      | Noticed a steam dragon
  3367 | D:4      | Reached skill level 5 in Stealth
  3373 | D:4      | Found an ancient bone altar of Kikubaaqudgha.
  3439 | D:4      | Reached skill level 5 in Dodging
  3697 | D:5      | Entered Level 5 of the Dungeon
  3830 | D:5      | Found a staircase to the Ecumenical Temple.
  3844 | Temple   | Entered the Ecumenical Temple
  3895 | Temple   | Became a worshipper of Fedhas Madash
  3970 | D:5      | Reached XP level 7. HP: 36/36 MP: 8/8
  4187 | D:5      | Killed from afar by a white imp

Illustrated notes

Levels and vault maps discovered:
D:1:      denvon_arrival_planthouse, layout_basic,
          ebering_ecumenical_altar_abandoned
D:2:      layout_loops_ring, grunt_decor_one_mirror, dk_noncrumbling_2,
          serial_bayou_lake_a, uniq_jessica, uniq_natasha
D:3:      layout_basic, grunt_temple_overflow_open,
          mainiacjoe_overflow_chevrons, minivault_14, kennysheep_generic_room_16
D:4:      layout_rooms, nicolae_kikubaaqudgha_miasma_corner, xom_butterflies,
          nicolae_kite_square_tiling_tiny, corexii_item_surrounded_by_moat,
          skrybe_limestone_x, chequers_serial_rivers_micro_c,
          ebering_dispersal_statue_hall
D:5:      layout_basic, minmay_temple_entry_overgrown
Temple:   nicolae_temple_two_arcs

Skill      XL: |  1  2  3  4  5  6  7 |
---------------+----------------------+-----
Stealth        | 2 3 4 5 6 |  6.5
Dodging        | 3 4 5 6 |  6.1
Fighting       | 2 3 |  3.7
Ranged Weapons | 5 |  5.8

Action                   |  1- 3 |  4- 6 |  7- 9 || total
-------------------------+-------+-------+-------++-------
Melee: Shortbow          |       |     5 |       ||     5
 Fire: Shortbow          |    71 |   208 |    55 ||   334
Armor: Robe              |     2 |     3 |       ||     5
Dodge: Dodged            |    23 |    86 |    22 ||   131
